TOP OF THE 1ST |
Buffalo LightSabres batting - Pitching for Minnesota ManBearPigs : RHP Matt Stevenson
|
Pitching: RHP Matt Stevenson
|
|
Batting: LHB Júlio Córdova
|
0-0: Ball 1-0: Ball 2-0: Called Strike 2-1: Swinging Strike 2-2: Foul Ball, location: 2F 2-2: Foul Ball, location: 2F 2-2: Strikes out swinging
|
Batting: RHB Peter Dixon
|
0-0: Ball 1-0: Called Strike 1-1: Fly out, F7 (Flyball, 7)
|
Batting: LHB Garrett King
|
0-0: SINGLE (Line Drive, 78S)
|
Batting: RHB Augusto Padilla
|
0-0: Ball 1-0: Ball 2-0: DOUBLE (Groundball, 3L) Garrett King to third Runner from 3rd tries for Home, SAFE, no throw
|
Batting: RHB Abraham Hardy
|
0-0: Ball 1-0: Ball 2-0: Ball 3-0: Called Strike 3-1: SINGLE (Groundball, 56D) Augusto Padilla to third Runner from 3rd tries for Home, SAFE, throw made home
|
Batting: LHB Tim Griffith
|
0-0: Ball 1-0: Ball 2-0: Ball 3-0: Called Strike 3-1: Foul Ball, location: 2F 3-2: Foul Ball, location: 2F 3-2: Foul Ball, location: 2F 3-2: SINGLE (Groundball, 34) (infield hit) Abraham Hardy to second
|
Batting: LHB Sergio Luna
|
0-0: Called Strike 0-1: Foul Ball, location: 2F 0-2: Ball 1-2: Ball 2-2: Ball 3-2: Base on Balls Abraham Hardy to third Tim Griffith to second
|
Pitching: RHP Danny Johnston
|
|
Batting: RHB Jorge Castillo
|
0-0: Called Strike 0-1: Ball 1-1: Ball 2-1: Swinging Strike 2-2: Ball 3-2: Base on Balls Abraham Hardy scores Tim Griffith to third Sergio Luna to second
|
Batting: RHB Ramão Almana
|
0-0: Ball 1-0: Swinging Strike 1-1: Ball 2-1: Foul Ball, location: 2F 2-2: Strikes out swinging
|
Top of the 1st over - 3 runs, 4 hits, 0 errors, 3 left on base; Buffalo 3 - Minnesota 0 |
BOTTOM OF THE 1ST |
Minnesota ManBearPigs batting - Pitching for Buffalo LightSabres : LHP Will Chapman
|
Pitching: LHP Will Chapman
|
|
Batting: RHB Carlos López
|
0-0: Ball 1-0: Ball 2-0: Ball 3-0: Called Strike 3-1: SINGLE (Flyball, 89M)
|
Batting: RHB Eduardo Rojas
|
0-0: Ball 1-0: Foul Ball, location: 2F 1-1: Fly out, F7 (Flyball, 78M)
|
Batting: RHB Jaime Hernández
|
0-0: Ball Carlos López is caught stealing 2nd base 1-0: Foul Ball, location: 2F 1-1: Fly out, F9 (Line Drive, 9)
|
Bottom of the 1st over - 0 runs, 1 hit, 0 errors, 0 left on base; Buffalo 3 - Minnesota 0 |
TOP OF THE 2ND |
Buffalo LightSabres batting - Pitching for Minnesota ManBearPigs : RHP Danny Johnston
|
Batting: LHB Júlio Córdova
|
0-0: Foul Ball, location: 2F 0-1: Foul Ball, location: 2F 0-2: Foul Ball, location: 2F 0-2: Ball 1-2: Foul Ball, location: 2F 1-2: Foul Ball, location: 2F 1-2: Ball 2-2: Ball 3-2: Strikes out looking
|
Batting: RHB Peter Dixon
|
0-0: Ball 1-0: Called Strike 1-1: Foul Ball, location: 2F 1-2: Ball 2-2: Strikes out swinging
|
Batting: LHB Garrett King
|
0-0: Ball 1-0: Swinging Strike 1-1: Ball 2-1: SINGLE (Groundball, 34S) (infield hit)
|
Batting: RHB Augusto Padilla
|
0-0: Ball 1-0: Swinging Strike 1-1: Foul Ball, location: 2F 1-2: Fielders Choice at 2nd, 6-4 (Groundball, 6)
|
Top of the 2nd over - 0 runs, 1 hit, 0 errors, 1 left on base; Buffalo 3 - Minnesota 0 |
BOTTOM OF THE 2ND |
Minnesota ManBearPigs batting - Pitching for Buffalo LightSabres : LHP Will Chapman
|
Batting: RHB James Hunter
|
0-0: SINGLE (Line Drive, 89S)
|
Batting: SHB Darrel Lang
|
0-0: Ball 1-0: Called Strike 1-1: Swinging Strike 1-2: Ball 2-2: DOUBLE (Line Drive, 9LM) James Hunter to third
|
Batting: RHB Chris Jones
|
0-0: Foul Ball, location: 2F 0-1: Ball 1-1: Called Strike 1-2: Strikes out swinging
|
Batting: RHB Irving Galloway
|
0-0: Foul Ball, location: 2F 0-1: Ball 1-1: Reached via error on a dropped throw, E1 James Hunter scores Darrel Lang to third
|
Batting: SHB Jorge Rodríguez
|
0-0: Foul Ball, location: 2F 0-1: Fly out, F3 (Popup, 3S)
|
Batting: RHB Carlos Luna
|
0-0: Ball 1-0: SINGLE (Groundball, 6MD) Darrel Lang scores Irving Galloway to second Runner from 2nd tries for 3rd, OUT!
|
Bottom of the 2nd over - 2 runs, 3 hits, 1 error, 1 left on base; Buffalo 3 - Minnesota 2 |
TOP OF THE 3RD |
Buffalo LightSabres batting - Pitching for Minnesota ManBearPigs : RHP Danny Johnston
|
Pitching: RHP Cam Sparks
|
|
Batting: RHB Abraham Hardy
|
0-0: Ball 1-0: Foul Ball, location: 2F 1-1: Called Strike 1-2: SOLO HOME RUN (Flyball, 78XD), Distance : 397 ft
|
Batting: LHB Tim Griffith
|
0-0: Ball 1-0: Ball 2-0: Foul Ball, location: 2F 2-1: Ball 3-1: Base on Balls
|
Batting: LHB Sergio Luna
|
0-0: Ball 1-0: Ball 2-0: Called Strike 2-1: Ball 3-1: Ground out U3 (Groundball, 34S) Tim Griffith to second
|
Batting: RHB Jorge Castillo
|
0-0: Foul Ball, location: 2F 0-1: Fly out, F4 (Line Drive, 4)
|
Batting: RHB Ramão Almana
|
0-0: Ground out 5-3 (Groundball, 56)
|
Top of the 3rd over - 1 run, 1 hit, 0 errors, 1 left on base; Buffalo 4 - Minnesota 2 |
BOTTOM OF THE 3RD |
Minnesota ManBearPigs batting - Pitching for Buffalo LightSabres : LHP Will Chapman
|
Batting: RHB Carlos López
|
0-0: Hit by Pitch
|
Batting: RHB Eduardo Rojas
|
0-0: Ball 1-0: Fielders Choice at 2nd, 5-4 (Groundball, 56)
|
Batting: RHB Jaime Hernández
|
0-0: Ground out 6-3 (Groundball, 6) Eduardo Rojas to second
|
Batting: RHB James Hunter
|
0-0: Ball 1-0: Ground out 6-3 (Groundball, 6)
|
Bottom of the 3rd over - 0 runs, 0 hits, 0 errors, 1 left on base; Buffalo 4 - Minnesota 2 |
TOP OF THE 4TH |
Buffalo LightSabres batting - Pitching for Minnesota ManBearPigs : RHP Cam Sparks
|
Batting: LHB Júlio Córdova
|
0-0: Ball 1-0: Called Strike 1-1: Ball 2-1: Ball 3-1: Foul Ball, location: 2F 3-2: Foul Ball, location: 2F 3-2: Base on Balls
|
Batting: RHB Peter Dixon
|
0-0: Foul Ball, location: 2F 0-1: Swinging Strike 0-2: Strikes out looking
|
Batting: LHB Garrett King
|
0-0: Called Strike 0-1: DOUBLE (Line Drive, 78XD) Júlio Córdova to third
|
Batting: RHB Augusto Padilla
|
0-0: Fly out, F8 (Flyball, 89M) Runner from 3rd tags up, SCORES, no throw
|
Batting: RHB Abraham Hardy
|
0-0: Ground out 5-3 (Groundball, 5)
|
Top of the 4th over - 1 run, 1 hit, 0 errors, 1 left on base; Buffalo 5 - Minnesota 2 |
BOTTOM OF THE 4TH |
Minnesota ManBearPigs batting - Pitching for Buffalo LightSabres : LHP Will Chapman
|
Batting: SHB Darrel Lang
|
0-0: Called Strike 0-1: Ball 1-1: Foul Ball, location: 2F 1-2: Ball 2-2: Strikes out swinging
|
Batting: RHB Chris Jones
|
0-0: Foul Ball, location: 2F 0-1: Ground out 5-3 (Groundball, 5)
|
Batting: RHB Irving Galloway
|
0-0: Foul Ball, location: 2F 0-1: Foul Ball, location: 2F 0-2: Ball 1-2: Strikes out swinging
|
Bottom of the 4th over - 0 runs, 0 hits, 0 errors, 0 left on base; Buffalo 5 - Minnesota 2 |
TOP OF THE 5TH |
Buffalo LightSabres batting - Pitching for Minnesota ManBearPigs : RHP Cam Sparks
|
Batting: LHB Tim Griffith
|
0-0: Called Strike 0-1: Ball 1-1: Foul Ball, location: 2F 1-2: Strikes out swinging
|
Batting: LHB Sergio Luna
|
0-0: Swinging Strike 0-1: Ball 1-1: Fly out, F5 (Popup, 15)
|
Batting: RHB Jorge Castillo
|
0-0: Called Strike 0-1: Ball 1-1: Ball 2-1: Ball 3-1: SOLO HOME RUN (Flyball, 7LD), Distance : 350 ft
|
Batting: RHB Ramão Almana
|
0-0: Ball 1-0: Ball 2-0: Ball 3-0: Base on Balls
|
Pitching: RHP José Peña
|
|
Batting: LHB Júlio Córdova
|
0-0: Ball 1-0: Ground out 4-3 (Groundball, 4)
|
Top of the 5th over - 1 run, 1 hit, 0 errors, 1 left on base; Buffalo 6 - Minnesota 2 |
BOTTOM OF THE 5TH |
Minnesota ManBearPigs batting - Pitching for Buffalo LightSabres : LHP Will Chapman
|
Batting: SHB Jorge Rodríguez
|
0-0: Called Strike 0-1: Ball 1-1: Called Strike 1-2: Ball 2-2: Ball 3-2: Fly out, F4 (Popup, 34D)
|
Batting: RHB Carlos Luna
|
0-0: Swinging Strike 0-1: DOUBLE (Line Drive, 9D)
|
Batting: RHB Carlos López
|
0-0: Ground out 5-3 (Groundball, 5)
|
Batting: RHB Eduardo Rojas
|
0-0: Called Strike 0-1: Ball 1-1: Ball 2-1: Ground out 5-3 (Groundball, 56)
|
Bottom of the 5th over - 0 runs, 1 hit, 0 errors, 1 left on base; Buffalo 6 - Minnesota 2 |
TOP OF THE 6TH |
Buffalo LightSabres batting - Pitching for Minnesota ManBearPigs : RHP José Peña
|
Batting: RHB Peter Dixon
|
0-0: Ground out U3 (Groundball, 23)
|
Batting: LHB Garrett King
|
0-0: Called Strike 0-1: Swinging Strike 0-2: Ball 1-2: Foul Ball, location: 2F 1-2: Ball 2-2: Strikes out swinging
|
Batting: RHB Augusto Padilla
|
0-0: Swinging Strike 0-1: Swinging Strike 0-2: Strikes out swinging
|
Top of the 6th over - 0 runs, 0 hits, 0 errors, 0 left on base; Buffalo 6 - Minnesota 2 |
BOTTOM OF THE 6TH |
Minnesota ManBearPigs batting - Pitching for Buffalo LightSabres : LHP Will Chapman
|
Batting: RHB Jaime Hernández
|
0-0: Foul Ball, location: 2F 0-1: Ball 1-1: Ball 2-1: SINGLE (Flyball, 8LS)
|
Batting: RHB James Hunter
|
0-0: Ball 1-0: Called Strike 1-1: Swinging Strike 1-2: Strikes out swinging
|
Batting: SHB Darrel Lang
|
0-0: Called Strike 0-1: Swinging Strike 0-2: Ball 1-2: Fly out, F6 (Popup, 6)
|
Batting: RHB Chris Jones
|
0-0: Called Strike 0-1: Ball 1-1: Foul Ball, location: 2F 1-2: Foul Ball, location: 2F 1-2: Foul Ball, location: 2F 1-2: Ground out 6-3 (Groundball, 6M)
|
Bottom of the 6th over - 0 runs, 1 hit, 0 errors, 1 left on base; Buffalo 6 - Minnesota 2 |
TOP OF THE 7TH |
Buffalo LightSabres batting - Pitching for Minnesota ManBearPigs : RHP José Peña
|
Batting: RHB Abraham Hardy
|
0-0: Ball 1-0: Called Strike 1-1: SINGLE (Flyball, 89M)
|
Batting: LHB Tim Griffith
|
0-0: Called Strike 0-1: Called Strike 0-2: Ground out 4-3 (Groundball, 4MD) Abraham Hardy to second
|
Batting: LHB Sergio Luna
|
0-0: Ball 1-0: Called Strike 1-1: Foul Ball, location: 2F 1-2: Strikes out looking
|
Batting: RHB Jorge Castillo
|
0-0: Intentional Walk
|
Batting: RHB Ramão Almana
|
0-0: Called Strike 0-1: Called Strike 0-2: Ball 1-2: Strikes out swinging
|
Top of the 7th over - 0 runs, 1 hit, 0 errors, 2 left on base; Buffalo 6 - Minnesota 2 |
BOTTOM OF THE 7TH |
Minnesota ManBearPigs batting - Pitching for Buffalo LightSabres : LHP Will Chapman
|
Batting: RHB Irving Galloway
|
0-0: Fly out, F9 (Flyball, 9D)
|
Batting: SHB Jorge Rodríguez
|
0-0: Called Strike 0-1: Called Strike 0-2: Foul Ball, location: 2F 0-2: Strikes out swinging
|
Batting: RHB Carlos Luna
|
0-0: Called Strike 0-1: Swinging Strike 0-2: SINGLE (Groundball, 6MD)
|
Batting: RHB Carlos López
|
0-0: Foul Ball, location: 2F 0-1: Called Strike 0-2: Strikes out swinging
|
Bottom of the 7th over - 0 runs, 1 hit, 0 errors, 1 left on base; Buffalo 6 - Minnesota 2 |
TOP OF THE 8TH |
Buffalo LightSabres batting - Pitching for Minnesota ManBearPigs : RHP José Peña
|
Batting: LHB Júlio Córdova
|
0-0: Called Strike 0-1: Swinging Strike 0-2: Ball 1-2: Ball 2-2: Strikes out swinging
|
Batting: RHB Peter Dixon
|
0-0: Ball 1-0: Called Strike 1-1: Swinging Strike 1-2: Foul Ball, location: 2F 1-2: Strikes out swinging
|
Batting: LHB Garrett King
|
0-0: Foul Ball, location: 2F 0-1: Foul Ball, location: 2F 0-2: Ball 1-2: Foul Ball, location: 2F 1-2: Ball 2-2: Fly out, F7 (Flyball, 7LMF)
|
Top of the 8th over - 0 runs, 0 hits, 0 errors, 0 left on base; Buffalo 6 - Minnesota 2 |
BOTTOM OF THE 8TH |
Minnesota ManBearPigs batting - Pitching for Buffalo LightSabres : LHP Will Chapman
|
Batting: RHB Eduardo Rojas
|
0-0: Ball 1-0: Ball 2-0: Ball 3-0: Base on Balls
|
Batting: RHB Jaime Hernández
|
0-0: Ball 1-0: Grounds into double play, 5-4-3 (Groundball, 5)
|
Batting: RHB James Hunter
|
0-0: Swinging Strike 0-1: Fly out, F7 (Flyball, 7)
|
Bottom of the 8th over - 0 runs, 0 hits, 0 errors, 0 left on base; Buffalo 6 - Minnesota 2 |
TOP OF THE 9TH |
Buffalo LightSabres batting - Pitching for Minnesota ManBearPigs : RHP José Peña
|
Batting: RHB Augusto Padilla
|
0-0: Ball 1-0: Ball 2-0: Fly out, F2 (Popup, 23F)
|
Batting: RHB Abraham Hardy
|
0-0: Ball 1-0: Ball 2-0: Called Strike 2-1: Swinging Strike 2-2: Strikes out swinging
|
Batting: LHB Tim Griffith
|
0-0: Ball 1-0: Foul Ball, location: 2F 1-1: Called Strike 1-2: Strikes out looking
|
Top of the 9th over - 0 runs, 0 hits, 0 errors, 0 left on base; Buffalo 6 - Minnesota 2 |
BOTTOM OF THE 9TH |
Minnesota ManBearPigs batting - Pitching for Buffalo LightSabres : LHP Will Chapman
|
Batting: SHB Darrel Lang
|
0-0: Called Strike 0-1: Ball 1-1: Fly out, F3 (Popup, 3SF)
|
Batting: RHB Chris Jones
|
0-0: Foul Ball, location: 2F 0-1: Foul Ball, location: 2F 0-2: Strikes out swinging
|
Batting: RHB Irving Galloway
|
0-0: Ball 1-0: Swinging Strike 1-1: Called Strike 1-2: Ball 2-2: Strikes out swinging
|
Bottom of the 9th over - 0 runs, 0 hits, 0 errors, 0 left on base; Buffalo 6 - Minnesota 2 |
|